Thrashers vs Senators

Created - december 22 2010 at 22:16

Goals
1 2 3 T
Thrashers 0 0 2 2
Senators 0 1 4 5
Shots
1 2 3 T
Thrashers 11 5 13 29
Senators 6 4 14 24

Period #1

No Goal

Penalties :
Matthew Greene (ATL) for Hooking (Minor) at 2:19, Dennis Wideman (OTT) for Tripping (Minor) at 4:45, Zenon Konopka (OTT) for Hooking (Minor) at 7:01, Mike Ribeiro (ATL) for Hooking (Minor) at 8:13, Matthew Greene (ATL) for Tripping (Minor) at 11:39, Dennis Wideman (OTT) for Unsportsmanlike conduct (Major / Game Misconduct) at 17:57

Period #2

1. Senators , Sam Gagner 9 (Francis Bouillon) at 19:10

Penalties :
Dustin Byfuglien (ATL) for Hooking (Minor) at 12:56, Francis Bouillon (OTT) for Tripping (Minor) at 16:58

Period #3

2. Senators , Wojtek Wolski 9 (Tim Connolly, Milan Hejduk) at 5:04 (PP)
3. Senators , Mike Richards 13 (Daniel Alfredsson) at 8:06 (PP)
4. Thrashers , Dustin Penner 16 (Keith Yandle, Mikkel Boedker) at 12:22
5. Senators , Milan Hejduk 13 (Tim Connolly, Wojtek Wolski) at 14:05
6. Thrashers , Dustin Penner 17 (Dustin Byfuglien, Trevor Daley) at 15:21
7. Senators , Mike Richards 14 (Daniel Alfredsson, Joni Pitkanen) at 15:31

Penalties :
Stephane Robidas (ATL) for Tripping (Minor) at 0:07, Stephane Robidas (ATL) for High sticking (Minor) at 3:52, Dustin Byfuglien (ATL) for Hooking (Minor) at 6:15, Dustin Penner (ATL) for Holding (Minor) at 8:51, Francis Bouillon (OTT) for Holding (Minor) at 15:53, Zenon Konopka (OTT) for Hooking (Minor) at 18:18

Goalie Stats

Chris Mason (ATL), 19 saves from 24 shots - (0,792), L, 19-20-4, 60:00 minutes
Tuukka Rask (OTT), 27 saves from 29 shots - (0,931), W, 18-12-3, 60:00 minutes

Players Stats

Thrashers
Player Name              G  A  P  +/- PIM S  H  SB FO    MP 
------------------------------------------------------------
Dany Heatley             0  0  0  -1  0   0  1  0  0/0   5  
Dean McAmmond            0  0  0  -1  0   1  0  0  1/3   9  
Dustin Byfuglien         0  1  1   1  4   2  2  1  1/1   18 
Dustin Penner            2  0  2   2  2   7  2  1  1/1   21 
Erik Cole                0  0  0   0  0   1  0  0  1/1   6  
Gilbert Brule            0  0  0  -1  0   0  2  0  0/0   19 
Jay McKee                0  0  0  -1  0   2  0  1  0/0   17 
Jerred Smithson          0  0  0  -1  0   0  2  0  12/21 13 
Keith Yandle             0  1  1   0  0   2  0  1  0/0   23 
Matthew Greene           0  0  0   1  4   1  0  2  0/0   22 
Mike Ribeiro             0  0  0  -1  2   5  0  0  10/15 16 
Mikkel Boedker           0  1  1   1  0   2  0  0  5/24  18 
Ryan OReilly             0  0  0  -1  0   0  0  0  9/16  17 
Shea Weber               0  0  0   0  0   0  0  0  0/0   1  
Stephane Robidas         0  0  0  -1  4   3  0  0  0/0   23 
Tomas Kopecky            0  0  0  -1  0   2  1  0  1/1   20 
Trevor Daley             0  1  1   0  0   0  0  1  0/0   22 
Wayne Primeau            0  0  0  -1  0   1  0  0  0/0   14 
Senators
Player Name              G  A  P  +/- PIM S  H  SB FO    MP 
------------------------------------------------------------
Alex Goligoski           0  0  0   1  0   2  0  2  0/0   23 
Anssi Salmela            0  0  0   1  0   0  3  1  0/0   19 
Brendan Morrison         0  0  0   0  0   0  0  0  0/0   0  
Daniel Alfredsson        0  2  2   1  0   1  0  0  4/7   22 
Dennis Wideman           0  0  0   0  17  0  0  0  0/0   7  
Francis Bouillon         0  1  1   1  4   0  2  0  0/0   17 
Jason Strudwick          0  0  0  -2  0   0  0  1  6/7   12 
Joni Pitkanen            0  1  1   0  0   0  1  1  0/0   23 
Mike Richards            2  0  2   1  0   7  3  1  11/23 23 
Milan Hejduk             1  1  2   0  0   4  1  1  1/3   17 
Nathan Horton            0  0  0   1  0   0  0  0  0/0   9  
Sam Gagner               1  0  1   1  0   1  1  0  4/7   12 
Tim Connolly             0  2  2   0  0   4  1  0  7/16  15 
Vladimir Sobotka         0  0  0  -1  0   1  1  0  1/1   7  
Wojtek Wolski            1  1  2   0  0   3  2  0  1/3   21 
Zach Parise              0  0  0   1  0   1  2  0  5/14  21 
Zbynek Michalek          0  0  0   0  0   0  1  4  0/0   23 
Zenon Konopka            0  0  0   0  4   0  1  1  2/2   14 

3 Stars

1 - Mike Richards (OTT)
2 - Dustin Penner (ATL)
3 - Wojtek Wolski (OTT)

Power Play

Thrashers - 0 on 6 Attempt(s) - 0,00%
Senators - 2 on 8 Attempt(s) - 25,00%

Penalty Kill

Thrashers - 6 on 8 Attempt(s) - 75,00% - Score 0 goal in Penalty Kill
Senators - 6 on 6 Attempt(s) - 100,00% - Score 0 goal in Penalty Kill

Game Notes

Dennis Wideman ejected from game at 17:57 of 1st period
Erik Cole is injured at 19:33 of 1st period (Back)

Finance

Level 1 -- Attendance: 5658 (82,80%) -- Ticket Income 367 770,00 kr
Level 2 -- Attendance: 4813 (84,53%) -- Ticket Income 226 211,00 kr
Level 3 -- Attendance: 1909 (83,80%) -- Ticket Income 55 361,00 kr
Level 4 -- Attendance: 4212 (92,45%) -- Ticket Income 71 604,00 kr
Luxury Box -- Attendance: 871 (76,47%) -- Ticket Income 156 780,00 kr
Game was played at the Scotiabank Place
Total Attendance: 17463 (85,19%)
Total Ticket Income: 889 577,80 kr
Other Income: 425 161,20 kr
Total Income: 1 314 739,00 kr


Team Lines

Thrashers

5 vs 5
   Center                   Left Wing                Right Wing               Defense                  Defense                  
 1 Mike Ribeiro             Dustin Penner            Tomas Kopecky            Keith Yandle             Stephane Robidas         
 2 Mikkel Boedker           Dustin Byfuglien         Erik Cole                Matthew Greene           Trevor Daley             
 3 Ryan OReilly             Dean McAmmond            Gilbert Brule            Jay McKee                Matthew Greene           
 4 Jerred Smithson          Wayne Primeau            Tomas Kopecky            Keith Yandle             Stephane Robidas         

Power Play
   Center                   Left Wing                Right Wing               Defense                  Defense                  
 1 Mike Ribeiro             Dustin Penner            Tomas Kopecky            Keith Yandle             Stephane Robidas         
 2 Mikkel Boedker           Dustin Byfuglien         Erik Cole                Trevor Daley             Matthew Greene           

Penalty Kill - 4 Players
   Center                   Wing                     Defense                  Defense                  
 1 Ryan OReilly             Dustin Penner            Matthew Greene           Stephane Robidas         
 2 Jerred Smithson          Wayne Primeau            Matthew Greene           Trevor Daley             

4 vs 4
   Center                   Wing                     Defense                  Defense                  
 1 Mike Ribeiro             Tomas Kopecky            Keith Yandle             Stephane Robidas         
 2 Mikkel Boedker           Dustin Penner            Trevor Daley             Matthew Greene           

Penalty Kill - 3 Players
   Forward                  Defense                  Defense                  
 1 Ryan OReilly             Matthew Greene           Stephane Robidas         
 2 Jerred Smithson          Matthew Greene           Trevor Daley             

Goaltenders
Starting : Chris Mason              
Backup : Dan Ellis                

Extra Forwards
Tomas Kopecky, Dustin Penner, Mike Ribeiro, Gilbert Brule, Dustin Byfuglien
Extra Defensemen
Stephane Robidas, Trevor Daley, Matthew Greene, Keith Yandle, Jay McKee
Penalty Shots
Tomas Kopecky, Mike Ribeiro, Dustin Penner, Gilbert Brule, Dustin Byfuglien
Coach Strategy
Physical Style: 1 - Defense Style: 2 - Offense Style: 2

Senators

5 vs 5
   Center                   Left Wing                Right Wing               Defense                  Defense                  
 1 Mike Richards            Zach Parise              Daniel Alfredsson        Dennis Wideman           Joni Pitkanen            
 2 Tim Connolly             Wojtek Wolski            Milan Hejduk             Zbynek Michalek          Alex Goligoski           
 3 Sam Gagner               Zenon Konopka            Nathan Horton            Francis Bouillon         Anssi Salmela            
 4 Jason Strudwick          Zenon Konopka            Vladimir Sobotka         Dennis Wideman           Joni Pitkanen            

Power Play
   Center                   Left Wing                Right Wing               Defense                  Defense                  
 1 Mike Richards            Zach Parise              Daniel Alfredsson        Dennis Wideman           Joni Pitkanen            
 2 Tim Connolly             Wojtek Wolski            Milan Hejduk             Anssi Salmela            Alex Goligoski           

Penalty Kill - 4 Players
   Center                   Wing                     Defense                  Defense                  
 1 Daniel Alfredsson        Mike Richards            Dennis Wideman           Joni Pitkanen            
 2 Zach Parise              Wojtek Wolski            Zbynek Michalek          Alex Goligoski           

4 vs 4
   Center                   Wing                     Defense                  Defense                  
 1 Daniel Alfredsson        Mike Richards            Dennis Wideman           Joni Pitkanen            
 2 Zach Parise              Milan Hejduk             Anssi Salmela            Alex Goligoski           

Penalty Kill - 3 Players
   Forward                  Defense                  Defense                  
 1 Daniel Alfredsson        Dennis Wideman           Joni Pitkanen            
 2 Mike Richards            Zbynek Michalek          Alex Goligoski           

Goaltenders
Starting : Tuukka Rask              
Backup : José Théodore            

Extra Forwards
Daniel Alfredsson, Mike Richards, Zach Parise, Milan Hejduk, Tim Connolly
Extra Defensemen
Dennis Wideman, Joni Pitkanen, Zbynek Michalek, Alex Goligoski, Francis Bouillon
Penalty Shots
Daniel Alfredsson, Mike Richards, Zach Parise, Milan Hejduk, Tim Connolly
Coach Strategy
Physical Style: 1 - Defense Style: 2 - Offense Style: 2

Play by Play

Period #1

0:01 of 1st period - Mike Ribeiro wins face-off versus Mike Richards in neutral zone.
0:10 of 1st period - Shot by Mike Ribeiro.
0:10 of 1st period - Shot Misses the Net.
0:12 of 1st period - Shot by Dustin Penner.
0:12 of 1st period - Shot Misses the Net.
0:14 of 1st period - Shot by Stephane Robidas.
0:14 of 1st period - Stopped by Tuukka Rask without a rebound.
0:15 of 1st period - Tim Connolly wins face-off versus Mikkel Boedker in Senators zone.
0:25 of 1st period - Shot by Wojtek Wolski.
0:25 of 1st period - Shot Blocked by Dustin Byfuglien.
0:29 of 1st period - Shot by Milan Hejduk.
0:29 of 1st period - Stopped by Chris Mason without a rebound.
0:30 of 1st period - Jerred Smithson wins face-off versus Mike Richards in Thrashers zone.
0:45 of 1st period - Off-side.
0:46 of 1st period - Ryan OReilly wins face-off versus Tim Connolly in neutral zone.
0:51 of 1st period - Alex Goligoski is hit by Gilbert Brule and loses puck.
2:10 of 1st period - Shot by Zach Parise.
2:10 of 1st period - Shot Misses the Net.
2:14 of 1st period - Shot by Dennis Wideman.
2:14 of 1st period - Shot Blocked by Dustin Penner.
2:16 of 1st period - Shot by Mike Richards.
2:16 of 1st period - Shot Misses the Net.
2:18 of 1st period - Shot by Mike Richards.
2:18 of 1st period - Stopped by Chris Mason without a rebound.
2:19 of 1st period - Sam Gagner wins face-off versus Mikkel Boedker in Thrashers zone.
2:19 of 1st period - Minor Penalty to Matthew Greene for Hooking.
2:20 of 1st period - Jerred Smithson wins face-off versus Tim Connolly in Thrashers zone.
2:20 of 1st period - Jerred Smithson is hit by Wojtek Wolski.
3:14 of 1st period - Shot by Dennis Wideman.
3:14 of 1st period - Shot Misses the Net.
4:24 of 1st period - Erik Cole is hit by Mike Richards and loses puck.
4:37 of 1st period - Shot by Dustin Byfuglien.
4:37 of 1st period - Stopped by Tuukka Rask with a rebound.
4:45 of 1st period - Minor Penalty to Dennis Wideman for Tripping.
4:46 of 1st period - Mike Ribeiro wins face-off versus Zach Parise in Senators zone.
4:47 of 1st period - Shot by Keith Yandle.
4:47 of 1st period - Stopped by Tuukka Rask with a rebound.
7:01 of 1st period - Minor Penalty to Zenon Konopka for Hooking.
7:02 of 1st period - Daniel Alfredsson wins face-off versus Mikkel Boedker in Senators zone.
8:06 of 1st period - Icing by Mike Ribeiro.
8:07 of 1st period - Mike Ribeiro wins face-off versus Zach Parise in Thrashers zone.
8:13 of 1st period - Minor Penalty to Mike Ribeiro for Hooking.
8:14 of 1st period - Dean McAmmond wins face-off versus Zach Parise in Thrashers zone.
8:25 of 1st period - Shot by Mikkel Boedker.
8:25 of 1st period - Stopped by Tuukka Rask without a rebound.
8:26 of 1st period - Ryan OReilly wins face-off versus Daniel Alfredsson in Senators zone.
9:02 of 1st period - Shot by Joni Pitkanen.
9:02 of 1st period - Shot Misses the Net.
9:04 of 1st period - Shot by Wojtek Wolski.
9:04 of 1st period - Stopped by Chris Mason without a rebound.
9:05 of 1st period - Jerred Smithson wins face-off versus Tim Connolly in Thrashers zone.
9:05 of 1st period - Jerred Smithson is hit by Milan Hejduk.
10:40 of 1st period - Off-side.
10:41 of 1st period - Sam Gagner wins face-off versus Jerred Smithson in neutral zone.
10:47 of 1st period - Tomas Kopecky is hit by Francis Bouillon and loses puck.
11:10 of 1st period - Off-side.
11:11 of 1st period - Mike Richards wins face-off versus Mikkel Boedker in neutral zone.
11:22 of 1st period - Shot by Mike Richards.
11:22 of 1st period - Stopped by Chris Mason without a rebound.
11:23 of 1st period - Milan Hejduk wins face-off versus Dean McAmmond in Thrashers zone.
11:39 of 1st period - Minor Penalty to Matthew Greene for Tripping.
11:40 of 1st period - Ryan OReilly wins face-off versus Mike Richards in Thrashers zone.
12:41 of 1st period - Jerred Smithson is hit by Tim Connolly.
12:52 of 1st period - Wojtek Wolski is hit by Gilbert Brule.
12:56 of 1st period - Shot by Alex Goligoski.
12:56 of 1st period - Stopped by Chris Mason with a rebound.
13:00 of 1st period - Shot by Wojtek Wolski.
13:00 of 1st period - Shot Misses the Net.
13:57 of 1st period - Shot by Sam Gagner.
13:57 of 1st period - Shot Misses the Net.
14:25 of 1st period - Shot by Vladimir Sobotka.
14:25 of 1st period - Shot Misses the Net.
14:28 of 1st period - Icing by Matthew Greene.
14:29 of 1st period - Wojtek Wolski wins face-off versus Mikkel Boedker in Thrashers zone.
14:30 of 1st period - Shot by Milan Hejduk.
14:30 of 1st period - Stopped by Chris Mason without a rebound.
14:31 of 1st period - Mike Ribeiro wins face-off versus Tim Connolly in Thrashers zone.
14:38 of 1st period - Shot by Dustin Penner.
14:38 of 1st period - Stopped by Tuukka Rask without a rebound.
14:39 of 1st period - Jason Strudwick wins face-off versus Mike Ribeiro in Senators zone.
16:36 of 1st period - Shot by Dustin Byfuglien.
16:36 of 1st period - Stopped by Tuukka Rask without a rebound.
16:37 of 1st period - Zenon Konopka wins face-off versus Ryan OReilly in Senators zone.
17:46 of 1st period - Shot by Milan Hejduk.
17:46 of 1st period - Shot Misses the Net.
17:57 of 1st period - Major / Game Misconduct Penalty to Dennis Wideman for Unsportsmanlike conduct.
17:57 of 1st period - Dennis Wideman is ejected from game.
17:58 of 1st period - Daniel Alfredsson wins face-off versus Mikkel Boedker in Senators zone.
18:07 of 1st period - Shot by Dany Heatley.
18:07 of 1st period - Shot Misses the Net.
18:09 of 1st period - Shot by Dany Heatley.
18:09 of 1st period - Shot Blocked by Mike Richards.
18:13 of 1st period - Shot by Dany Heatley.
18:13 of 1st period - Shot Misses the Net.
18:17 of 1st period - Shot by Erik Cole.
18:17 of 1st period - Stopped by Tuukka Rask with a rebound.
18:59 of 1st period - Shot by Mike Ribeiro.
18:59 of 1st period - Stopped by Tuukka Rask without a rebound.
19:00 of 1st period - Erik Cole wins face-off versus Zach Parise in Senators zone.
19:01 of 1st period - Shot by Gilbert Brule.
19:01 of 1st period - Shot Blocked by Zbynek Michalek.
19:03 of 1st period - Shot by Matthew Greene.
19:03 of 1st period - Stopped by Tuukka Rask without a rebound.
19:04 of 1st period - Dustin Byfuglien wins face-off versus Zach Parise in Senators zone.
19:32 of 1st period - Erik Cole is hit by Anssi Salmela and loses puck.
19:33 of 1st period - Erik Cole from Thrashers is injured at 19:33 of 1st period (Back).
19:34 of 1st period - Mike Ribeiro wins face-off versus Daniel Alfredsson in Senators zone.
19:45 of 1st period - Shot by Mike Ribeiro.
19:45 of 1st period - Stopped by Tuukka Rask without a rebound.
19:46 of 1st period - Mike Ribeiro wins face-off versus Zach Parise in Senators zone.
19:47 of 1st period - Shot by Stephane Robidas.
19:47 of 1st period - Shot Hit the Post.
19:49 of 1st period - Shot by Jay McKee.
19:49 of 1st period - Stopped by Tuukka Rask without a rebound.
19:50 of 1st period - Daniel Alfredsson wins face-off versus Mike Ribeiro in Senators zone.

Period #2

0:01 of 2nd period - Daniel Alfredsson wins face-off versus Mike Ribeiro in neutral zone.
0:01 of 2nd period - Daniel Alfredsson is hit by Tomas Kopecky.
1:14 of 2nd period - Shot by Matthew Greene.
1:14 of 2nd period - Shot Misses the Net.
1:23 of 2nd period - Gilbert Brule is hit by Francis Bouillon and loses puck.
1:54 of 2nd period - Shot by Stephane Robidas.
1:54 of 2nd period - Shot Blocked by Alex Goligoski.
1:56 of 2nd period - Shot by Dustin Penner.
1:56 of 2nd period - Stopped by Tuukka Rask without a rebound.
1:57 of 2nd period - Zach Parise wins face-off versus Mikkel Boedker in Senators zone.
3:25 of 2nd period - Shot by Francis Bouillon.
3:25 of 2nd period - Shot Blocked by Jay McKee.
3:37 of 2nd period - Shot by Ryan OReilly.
3:37 of 2nd period - Shot Misses the Net.
3:56 of 2nd period - Icing by Francis Bouillon.
3:57 of 2nd period - Mikkel Boedker wins face-off versus Sam Gagner in Senators zone.
4:00 of 2nd period - Shot by Mike Ribeiro.
4:00 of 2nd period - Shot Misses the Net.
4:07 of 2nd period - Off-side.
4:08 of 2nd period - Jerred Smithson wins face-off versus Tim Connolly in neutral zone.
4:29 of 2nd period - Shot by Keith Yandle.
4:29 of 2nd period - Stopped by Tuukka Rask without a rebound.
4:30 of 2nd period - Ryan OReilly wins face-off versus Mike Richards in Senators zone.
4:30 of 2nd period - Gilbert Brule is hit by Zbynek Michalek.
5:55 of 2nd period - Dustin Penner is hit by Wojtek Wolski and loses puck.
6:28 of 2nd period - Shot by Jay McKee.
6:28 of 2nd period - Deflect By Dustin Byfuglien.
6:28 of 2nd period - Shot Blocked by Milan Hejduk.
6:30 of 2nd period - Shot by Mikkel Boedker.
6:30 of 2nd period - Stopped by Tuukka Rask without a rebound.
6:31 of 2nd period - Vladimir Sobotka wins face-off versus Mikkel Boedker in Senators zone.
6:44 of 2nd period - Trevor Daley is hit by Vladimir Sobotka and loses puck.
6:59 of 2nd period - Shot by Zenon Konopka.
6:59 of 2nd period - Deflect By Vladimir Sobotka.
6:59 of 2nd period - Shot Blocked by Matthew Greene.
7:13 of 2nd period - Matthew Greene is hit by Mike Richards and loses puck.
7:39 of 2nd period - Icing by Trevor Daley.
7:40 of 2nd period - Mikkel Boedker wins face-off versus Sam Gagner in Thrashers zone.
7:47 of 2nd period - Sam Gagner is hit by Dany Heatley and loses puck.
8:18 of 2nd period - Shot by Alex Goligoski.
8:18 of 2nd period - Stopped by Chris Mason without a rebound.
8:19 of 2nd period - Tim Connolly wins face-off versus Ryan OReilly in Thrashers zone.
9:37 of 2nd period - Shot by Mike Richards.
9:37 of 2nd period - Deflect By Zach Parise.
9:37 of 2nd period - Shot Misses the Net.
9:41 of 2nd period - Shot by Zach Parise.
9:41 of 2nd period - Shot Misses the Net.
9:45 of 2nd period - Shot by Daniel Alfredsson.
9:45 of 2nd period - Stopped by Chris Mason without a rebound.
9:46 of 2nd period - Sam Gagner wins face-off versus Jerred Smithson in Thrashers zone.
10:37 of 2nd period - Mike Richards is hit by Jerred Smithson and loses puck.
10:52 of 2nd period - Shot by Dustin Penner.
10:52 of 2nd period - Stopped by Tuukka Rask without a rebound.
10:53 of 2nd period - Tim Connolly wins face-off versus Ryan OReilly in Senators zone.
11:55 of 2nd period - Off-side.
11:56 of 2nd period - Mike Richards wins face-off versus Mikkel Boedker in neutral zone.
12:30 of 2nd period - Icing by Matthew Greene.
12:31 of 2nd period - Jason Strudwick wins face-off versus Mikkel Boedker in Thrashers zone.
12:56 of 2nd period - Minor Penalty to Dustin Byfuglien for Hooking.
12:57 of 2nd period - Jerred Smithson wins face-off versus Tim Connolly in Thrashers zone.
13:31 of 2nd period - Icing by Wojtek Wolski.
13:32 of 2nd period - Ryan OReilly wins face-off versus Tim Connolly in Senators zone.
13:53 of 2nd period - Off-side.
13:54 of 2nd period - Mike Richards wins face-off versus Ryan OReilly in neutral zone.
14:09 of 2nd period - Shot by Mike Richards.
14:09 of 2nd period - Shot Misses the Net.
14:29 of 2nd period - Daniel Alfredsson is hit by Dustin Penner and loses puck.
14:36 of 2nd period - Shot by Dustin Penner.
14:36 of 2nd period - Shot Blocked by Zbynek Michalek.
14:38 of 2nd period - Shot by Stephane Robidas.
14:38 of 2nd period - Stopped by Tuukka Rask without a rebound.
14:39 of 2nd period - Tim Connolly wins face-off versus Jerred Smithson in Senators zone.
14:54 of 2nd period - Shot by Tim Connolly.
14:54 of 2nd period - Shot Misses the Net.
14:59 of 2nd period - Keith Yandle is hit by Anssi Salmela and loses puck.
15:52 of 2nd period - Off-side.
15:53 of 2nd period - Mike Richards wins face-off versus Jerred Smithson in neutral zone.
15:58 of 2nd period - Icing by Wayne Primeau.
15:59 of 2nd period - Jerred Smithson wins face-off versus Mike Richards in Thrashers zone.
15:59 of 2nd period - Jerred Smithson is hit by Zach Parise.
16:11 of 2nd period - Icing by Joni Pitkanen.
16:12 of 2nd period - Mikkel Boedker wins face-off versus Mike Richards in Senators zone.
16:12 of 2nd period - Mikkel Boedker is hit by Joni Pitkanen.
16:16 of 2nd period - Shot by Trevor Daley.
16:16 of 2nd period - Deflect By Dustin Penner.
16:16 of 2nd period - Shot Misses the Net.
16:58 of 2nd period - Minor Penalty to Francis Bouillon for Tripping.
16:59 of 2nd period - Dustin Penner wins face-off versus Milan Hejduk in Senators zone.
17:24 of 2nd period - Shot by Mike Richards.
17:24 of 2nd period - Stopped by Chris Mason without a rebound.
17:25 of 2nd period - Zach Parise wins face-off versus Mikkel Boedker in Thrashers zone.
17:47 of 2nd period - Shot by Trevor Daley.
17:47 of 2nd period - Shot Misses the Net.
18:22 of 2nd period - Shot by Keith Yandle.
18:22 of 2nd period - Shot Blocked by Joni Pitkanen.
18:26 of 2nd period - Shot by Gilbert Brule.
18:26 of 2nd period - Shot Blocked by Anssi Salmela.
18:57 of 2nd period - Gilbert Brule is hit by Sam Gagner.
19:10 of 2nd period - Shot by Sam Gagner.
19:10 of 2nd period - Goal by Sam Gagner - Thrashers : 0 - Senators : 1.
19:11 of 2nd period - Jason Strudwick wins face-off versus Jerred Smithson in neutral zone.

Period #3

0:01 of 3rd period - Mike Richards wins face-off versus Mike Ribeiro in neutral zone.
0:07 of 3rd period - Minor Penalty to Stephane Robidas for Tripping.
0:08 of 3rd period - Jerred Smithson wins face-off versus Wojtek Wolski in Thrashers zone.
0:40 of 3rd period - Shot by Tim Connolly.
0:40 of 3rd period - Stopped by Chris Mason without a rebound.
0:41 of 3rd period - Jerred Smithson wins face-off versus Mike Richards in Thrashers zone.
0:47 of 3rd period - Icing by Zbynek Michalek.
0:48 of 3rd period - Ryan OReilly wins face-off versus Mike Richards in Senators zone.
0:51 of 3rd period - Shot by Dustin Penner.
0:51 of 3rd period - Stopped by Tuukka Rask without a rebound.
0:52 of 3rd period - Mike Richards wins face-off versus Jerred Smithson in Senators zone.
1:24 of 3rd period - Shot by Zach Parise.
1:24 of 3rd period - Stopped by Chris Mason with a rebound.
1:59 of 3rd period - Icing by Anssi Salmela.
2:00 of 3rd period - Jerred Smithson wins face-off versus Tim Connolly in Senators zone.
2:03 of 3rd period - Shot by Wayne Primeau.
2:03 of 3rd period - Stopped by Tuukka Rask without a rebound.
2:04 of 3rd period - Jerred Smithson wins face-off versus Tim Connolly in Senators zone.
3:35 of 3rd period - Shot by Tim Connolly.
3:35 of 3rd period - Shot Blocked by Trevor Daley.
3:37 of 3rd period - Shot by Tim Connolly.
3:37 of 3rd period - Deflect By Milan Hejduk.
3:37 of 3rd period - Stopped by Chris Mason with a rebound.
3:39 of 3rd period - Shot by Tim Connolly.
3:39 of 3rd period - Stopped by Chris Mason without a rebound.
3:40 of 3rd period - Ryan OReilly wins face-off versus Mike Richards in Thrashers zone.
3:51 of 3rd period - Shot by Mike Richards.
3:51 of 3rd period - Shot Misses the Net.
3:52 of 3rd period - Minor Penalty to Stephane Robidas for High sticking.
3:53 of 3rd period - Mike Richards wins face-off versus Ryan OReilly in Thrashers zone.
5:02 of 3rd period - Shot by Tim Connolly.
5:02 of 3rd period - Shot Blocked by Matthew Greene.
5:04 of 3rd period - Shot by Tim Connolly.
5:04 of 3rd period - Deflect By Wojtek Wolski.
5:04 of 3rd period - Goal by Wojtek Wolski - Thrashers : 0 - Senators : 2.
5:05 of 3rd period - Mikkel Boedker wins face-off versus Jason Strudwick in neutral zone.
5:12 of 3rd period - Shot by Mike Ribeiro.
5:12 of 3rd period - Stopped by Tuukka Rask without a rebound.
5:13 of 3rd period - Zenon Konopka wins face-off versus Jerred Smithson in Senators zone.
6:08 of 3rd period - Shot by Mikkel Boedker.
6:08 of 3rd period - Shot Blocked by Zbynek Michalek.
6:12 of 3rd period - Shot by Dustin Penner.
6:12 of 3rd period - Shot Blocked by Jason Strudwick.
6:15 of 3rd period - Minor Penalty to Dustin Byfuglien for Hooking.
6:16 of 3rd period - Ryan OReilly wins face-off versus Mike Richards in Thrashers zone.
6:51 of 3rd period - Shot by Daniel Alfredsson.
6:51 of 3rd period - Shot Misses the Net.
6:55 of 3rd period - Shot by Mike Richards.
6:55 of 3rd period - Deflect By Daniel Alfredsson.
6:55 of 3rd period - Shot Misses the Net.
7:07 of 3rd period - Anssi Salmela is hit by Jerred Smithson.
7:12 of 3rd period - Icing by Anssi Salmela.
7:13 of 3rd period - Ryan OReilly wins face-off versus Wojtek Wolski in Senators zone.
8:06 of 3rd period - Shot by Daniel Alfredsson.
8:06 of 3rd period - Deflect By Mike Richards.
8:06 of 3rd period - Goal by Mike Richards - Thrashers : 0 - Senators : 3.
8:07 of 3rd period - Jason Strudwick wins face-off versus Mikkel Boedker in neutral zone.
8:51 of 3rd period - Minor Penalty to Dustin Penner for Holding.
8:52 of 3rd period - Mike Richards wins face-off versus Ryan OReilly in Thrashers zone.
9:43 of 3rd period - Shot by Milan Hejduk.
9:43 of 3rd period - Shot Misses the Net.
9:49 of 3rd period - Shot by Tim Connolly.
9:49 of 3rd period - Stopped by Chris Mason without a rebound.
9:50 of 3rd period - Tim Connolly wins face-off versus Jerred Smithson in Thrashers zone.
10:47 of 3rd period - Shot by Mike Richards.
10:47 of 3rd period - Stopped by Chris Mason without a rebound.
10:48 of 3rd period - Tomas Kopecky wins face-off versus Mike Richards in Thrashers zone.
10:56 of 3rd period - Off-side.
10:57 of 3rd period - Jason Strudwick wins face-off versus Mikkel Boedker in neutral zone.
10:57 of 3rd period - Jason Strudwick is hit by Dustin Byfuglien.
11:03 of 3rd period - Shot by Vladimir Sobotka.
11:03 of 3rd period - Stopped by Chris Mason without a rebound.
11:04 of 3rd period - Jerred Smithson wins face-off versus Sam Gagner in Thrashers zone.
11:25 of 3rd period - Jerred Smithson is hit by Zenon Konopka.
11:57 of 3rd period - Shot by Ryan OReilly.
11:57 of 3rd period - Shot Misses the Net.
11:59 of 3rd period - Shot by Dean McAmmond.
11:59 of 3rd period - Shot Misses the Net.
12:03 of 3rd period - Shot by Dean McAmmond.
12:03 of 3rd period - Stopped by Tuukka Rask without a rebound.
12:04 of 3rd period - Jason Strudwick wins face-off versus Mikkel Boedker in Senators zone.
12:22 of 3rd period - Shot by Dustin Penner.
12:22 of 3rd period - Goal by Dustin Penner - Thrashers : 1 - Senators : 3.
12:23 of 3rd period - Tim Connolly wins face-off versus Mikkel Boedker in neutral zone.
12:36 of 3rd period - Shot by Wojtek Wolski.
12:36 of 3rd period - Stopped by Chris Mason without a rebound.
12:37 of 3rd period - Mike Richards wins face-off versus Ryan OReilly in Thrashers zone.
13:17 of 3rd period - Icing by Zach Parise.
13:18 of 3rd period - Jerred Smithson wins face-off versus Mike Richards in Senators zone.
14:05 of 3rd period - Shot by Milan Hejduk.
14:05 of 3rd period - Goal by Milan Hejduk - Thrashers : 1 - Senators : 4.
14:06 of 3rd period - Sam Gagner wins face-off versus Dean McAmmond in neutral zone.
15:01 of 3rd period - Shot by Tim Connolly.
15:01 of 3rd period - Stopped by Chris Mason without a rebound.
15:02 of 3rd period - Tim Connolly wins face-off versus Mikkel Boedker in Thrashers zone.
15:21 of 3rd period - Shot by Dustin Penner.
15:21 of 3rd period - Goal by Dustin Penner - Thrashers : 2 - Senators : 4.
15:22 of 3rd period - Mike Richards wins face-off versus Mikkel Boedker in neutral zone.
15:29 of 3rd period - Shot by Daniel Alfredsson.
15:29 of 3rd period - Deflect By Mike Richards.
15:29 of 3rd period - Stopped by Chris Mason with a rebound.
15:31 of 3rd period - Shot by Mike Richards.
15:31 of 3rd period - Goal by Mike Richards - Thrashers : 2 - Senators : 5.
15:32 of 3rd period - Mike Richards wins face-off versus Jerred Smithson in neutral zone.
15:37 of 3rd period - Shot by Zach Parise.
15:37 of 3rd period - Shot Blocked by Keith Yandle.
15:43 of 3rd period - Wayne Primeau is hit by Mike Richards and loses puck.
15:53 of 3rd period - Minor Penalty to Francis Bouillon for Holding.
15:54 of 3rd period - Zach Parise wins face-off versus Mikkel Boedker in Senators zone.
16:14 of 3rd period - Dustin Penner is hit by Zach Parise and loses puck.
17:06 of 3rd period - Zbynek Michalek is hit by Dustin Byfuglien and loses puck.
17:25 of 3rd period - Shot by Keith Yandle.
17:25 of 3rd period - Shot Misses the Net.
17:27 of 3rd period - Shot by Tomas Kopecky.
17:27 of 3rd period - Stopped by Tuukka Rask without a rebound.
17:28 of 3rd period - Mike Ribeiro wins face-off versus Milan Hejduk in Senators zone.
17:28 of 3rd period - Mike Ribeiro is hit by Anssi Salmela.
17:30 of 3rd period - Shot by Keith Yandle.
17:30 of 3rd period - Shot Misses the Net.
17:37 of 3rd period - Icing by Mike Ribeiro.
17:38 of 3rd period - Mike Ribeiro wins face-off versus Zach Parise in Thrashers zone.
17:55 of 3rd period - Shot by Gilbert Brule.
17:55 of 3rd period - Deflect By Ryan OReilly.
17:55 of 3rd period - Shot Blocked by Zenon Konopka.
18:15 of 3rd period - Shot by Sam Gagner.
18:15 of 3rd period - Shot Misses the Net.
18:18 of 3rd period - Minor Penalty to Zenon Konopka for Hooking.
18:19 of 3rd period - Mike Ribeiro wins face-off versus Daniel Alfredsson in Senators zone.
18:28 of 3rd period - Shot by Keith Yandle.
18:28 of 3rd period - Shot Misses the Net.
18:32 of 3rd period - Shot by Tomas Kopecky.
18:32 of 3rd period - Shot Misses the Net.
18:36 of 3rd period - Shot by Mike Ribeiro.
18:36 of 3rd period - Stopped by Tuukka Rask with a rebound.
18:38 of 3rd period - Shot by Stephane Robidas.
18:38 of 3rd period - Stopped by Tuukka Rask without a rebound.
18:39 of 3rd period - Mikkel Boedker wins face-off versus Zach Parise in Senators zone.
18:40 of 3rd period - Shot by Dany Heatley.
18:40 of 3rd period - Shot Misses the Net.
18:42 of 3rd period - Shot by Jay McKee.
18:42 of 3rd period - Stopped by Tuukka Rask without a rebound.
18:43 of 3rd period - Mike Ribeiro wins face-off versus Zach Parise in Senators zone.
18:44 of 3rd period - Shot by Dustin Penner.
18:44 of 3rd period - Stopped by Tuukka Rask without a rebound.
18:45 of 3rd period - Zach Parise wins face-off versus Mike Ribeiro in Senators zone.
18:56 of 3rd period - Joni Pitkanen is hit by Dustin Penner and loses puck.
19:07 of 3rd period - Shot by Mike Ribeiro.
19:07 of 3rd period - Shot Misses the Net.
19:09 of 3rd period - Shot by Tomas Kopecky.
19:09 of 3rd period - Stopped by Tuukka Rask with a rebound.
19:14 of 3rd period - Shot by Mike Ribeiro.
19:14 of 3rd period - Stopped by Tuukka Rask without a rebound.
19:15 of 3rd period - Zach Parise wins face-off versus Mikkel Boedker in Senators zone.
19:42 of 3rd period - Shot by Trevor Daley.
19:42 of 3rd period - Shot Blocked by Zbynek Michalek.
19:44 of 3rd period - Shot by Mikkel Boedker.
19:44 of 3rd period - Shot Blocked by Alex Goligoski.


Output by the SimonT Hockey Simulator (STHS) for Mathias Vaigur -- Original Page W3C XHTML 1.0 Valid